AoeStats
← BigCabanossi

MegaRandom

504667836Analyzed
2v2 RM · 27d ago on Sep 6, 2026· 55m 52s· 4 players
Game mode
Random Map
Map size
Medium (4 player)
Population
200
Speed
Normal
Resources
Standard
Victory
Conquest
Starting age
Dark Age
Ending age
Imperial Age
RankedLock teamsTeams togetherTeam positionsShared explorationLock speedFull tech treeHidden civsTurbo modeCheats
Victory
Defeat
🇦🇺 Britons · Australia
833
+13
🇻🇳 Hindustanis · Vietnam
795
+14
🇦🇺 Magyars · Australia
774
-23
🇦🇺 Japanese · Australia
758
-25
efw_93
10:34 Feudal Age
15:24 Loom
18:28 Castle Age
16:20 Double-Bit Axe
16:28 Stone Mining
20:43 Wheelbarrow
19:54 Town Watch
22:55 Fletching
23:04 Gold Mining
25:38 Hand Cart
25:23 Pikeman
26:08 Squires
25:56 Arson
31:12 Bodkin Arrow
31:18 Padded Archer Armor
31:30 Forging
31:29 Scale Barding Armor
32:12 Town Patrol
35:10 Imperial Age
33:19 Ballistics
32:57 Murder Holes
35:40 Bow Saw
36:25 Bracer
36:42 Leather Archer Armor
37:56 Conscription
40:24 Iron Casting
39:50 Scale Mail Armor
40:05 Warwolf
41:46 Chemistry
40:58 Fortified Wall
41:32 Medium Warships
42:06 Yeomen
43:52 Guard Tower
44:26 Shipwright
44:34 Shipwright
46:08 Capped Ram
48:16 Keep
49:03 Elite Longbowman
applerutz20052001
0:44 Loom
12:35 Feudal Age
18:13 Castle Age
17:55 Arson
18:13 Double-Bit Axe
20:12 Squires
19:35 Pikeman
20:34 Scale Mail Armor
20:44 Forging
24:33 Arson
24:57 Horse Collar
30:13 Elite Skirmisher
37:20 Wheelbarrow
36:47 Heavy Plow
39:45 Bow Saw
39:50 Town Watch
46:29 Fletching
46:39 Padded Archer Armor
49:55 Padded Archer Armor
51:10 Gold Mining
52:24 Bodkin Arrow
52:45 Leather Archer Armor
52:44 Thumb Ring
57:02 Imperial Age
54:27 Stone Mining
56:30 Gold Shaft Mining
56:15 Chain Mail Armor
N3PHO
5:01 Loom
6:58 Loom
10:48 Feudal Age
12:06 Double-Bit Axe
15:39 Horse Collar
22:19 Castle Age
21:22 Fishing Lines
22:19 Bloodlines
23:28 Bow Saw
23:19 Heavy Plow
23:32 Fletching
28:22 Scale Barding Armor
32:07 Gillnets
34:39 Light Cavalry
37:03 Husbandry
36:47 Light Cavalry
37:20 Gold Mining
39:08 Chain Barding Armor
41:47 Bodkin Arrow
43:52 Ballistics
44:09 Corvinian Army
BigCabanossi
11:40 Feudal Age
12:07 Double-Bit Axe
14:11 Fishing Lines
15:13 Wheelbarrow
14:36 Gold Mining
14:21 Man-at-Arms
22:07 Arson
27:24 Castle Age
27:26 Crossbowman
28:46 Thumb Ring
29:28 Fletching
31:12 Long Swordsman
31:19 Long Swordsman
36:45 Demolition Ship
38:45 Gold Shaft Mining
45:49 Medium Warships
46:33 Bow Saw
49:44 Hand Cart
54:03 Imperial Age
53:35 Scale Mail Armor
53:48 Forging
54:11 Arbalester
55:34 Scale Mail Armor
Connection lost

Rejoining the realm…

Still unreachable

The connection could not be restored.

Session expired

The server has moved on; the page needs a fresh start.